 Dungeon Crawl Stone Soup version 0.31-a0-188-g5e087ee2ca (webtiles) character file.

Game seed: 8027294518491906767

259 qw the Skirmisher (level 5, -3/29 HPs)
             Began as a Deep Elf Hunter on June 23, 2023.
             Succumbed to a scorpion's poison
             ... on level 4 of the Dungeon.
             The game lasted 00:01:07 (2702 turns).

qw the Skirmisher (Deep Elf Hunter)                 Turns: 2702, Time: 00:01:07

Health: -3/29      AC:  6    Str: 10    XL:     5   Next: 95%
Magic:  7/7        EV: 12    Int: 14    God:
Gold:   166        SH:  0    Dex: 24    Spells: 4/4 levels left

rFire   . . .        Y - +0 shortbow
rCold   . . .        (shield currently unavailable)
rNeg    . . .        d - +0 ring mail
rPois   .            m - +0 helmet
rElec   .            (no cloak)
rCorr   .            (no gloves)
SInv    .            (no boots)
Will    .....        k - amulet of regeneration
Stlth   ++           f - +6 ring of dexterity
HPRegen 1.04/turn    (no ring)
MPRegen 0.10/turn

%: no passive effects
@: lethally poisoned (-3 -> -14)
A: no striking features
a: no special abilities


You were on level 4 of the Dungeon.
You visited 1 branch of the dungeon, and saw 4 of its levels.

You collected 166 gold pieces.


   Skills:
 + Level 1.5 Fighting
 - Level 9.3 Ranged Weapons
 - Level 3.1 Dodging
 - Level 1.2 Stealth


You had 4 spell levels left.
You didn't know any spells.
Your spell library was empty.

Inventory:

Hand Weapons
 Y - a +0 shortbow (weapon)
Armour
 d - a +0 ring mail (worn)
 m - a +0 helmet (worn)
Jewellery
 f - a +6 ring of dexterity (left hand)
 k - an amulet of regeneration (around neck)
Potions
 a - a potion of might {unknown}
 b - a potion of haste {unknown}
 c - a potion of invisibility {unknown}
 e - a potion of heal wounds {unknown}
 j - a potion of magic {unknown}

Dungeon Overview and Level Annotations

Branches:
Dungeon (4/15)
 Temple: D:4-7

Altars:
Dithmenos


Message History

You shoot an arrow. The arrow hits the scorpion!
The scorpion is almost dead.
A scorpion comes into view.
The scorpion closely misses you.
You shoot an arrow. The arrow closely misses the scorpion.
The scorpion closely misses you.
You shoot an arrow.
The arrow hits the scorpion but does no damage.
The scorpion is almost dead.
The scorpion stings you but does no damage.
You shoot an arrow.
The arrow hits the scorpion but does no damage.
The scorpion is almost dead.
The scorpion stings you.
You are poisoned.
The scorpion poisons you! The scorpion stings you.
You shoot an arrow. The arrow barely misses the scorpion.
You feel sick. The scorpion stings you.
You shoot an arrow. The arrow barely misses the scorpion.
You feel sick. The scorpion misses you. The scorpion stings you.
You are more poisoned.
The scorpion poisons you!
You shoot an arrow.
The arrow completely misses the scorpion.
You feel very sick. The scorpion stings you.
The scorpion stings you but does no damage. x2
The scorpion closely misses you.
You shoot an arrow. The arrow hits the scorpion.
The scorpion is almost dead.
You feel sick. The scorpion closely misses you. The scorpion stings you.
You shoot an arrow. The arrow hits the scorpion.
You kill the scorpion!
You feel sick. The scorpion stings you.
You are more poisoned.
The scorpion poisons you!
Your Ranged Weapons skill increases to level 9!
You shoot an arrow.
The arrow hits the scorpion but does no damage.
You die...

#...# #.(.# #..[###
#>.... ##
#####....####...
................
.......%........
.......@s......#
#####....####.#
#.........#
###..<#######
#.......###### ###
#.#...#......##
##.###.#...#.##)....
###...##:#........#.##
#....).#.#####.#..#.#


You could see a scorpion.

Vanquished Creatures
  A scorpion (D:4)
  A hound (D:4)
  A jelly (D:4)
  Robin (D:3)
  4 adders (D:3)
  A worm (D:3)
  3 dart slugs
  An orc (D:3)
  6 ball pythons
  5 endoplasms
  4 giant cockroaches
  16 goblins
  10 hobgoblins
  5 jackals
  3 quokkas
  5 bats
  2 frilled lizards
  7 kobolds
  5 rats
81 creatures vanquished.

Notes
Turn   | Place    | Note
-------+----------+-------------------------------------------
     0 | D:1      | qw the Deep Elf Hunter began the quest for the Orb.
     0 | D:1      | Reached XP level 1. HP: 12/12 MP: 3/3
     0 | D:1      | 0 ||| qw: Version: 0.3-a-9-g12657ce
     0 | D:1      | 0 ||| qw: Game counter: 4302
     0 | D:1      | 0 ||| qw: Always use a shield: true
     0 | D:1      | 0 ||| qw: God list: Okawaru
     0 | D:1      | 0 ||| qw: Allow faded altars: false
     0 | D:1      | 0 ||| qw: Do Orc after D:15 true
     0 | D:1      | 0 ||| qw: Do second Lair branch before Depths: true
     0 | D:1      | 0 ||| qw: Lair rune preference: random
     0 | D:1      | 0 ||| qw: Plans: Normal
     0 | D:1      | 0 ||| PLANNING D:1-11
   122 | D:1      | Reached XP level 2. HP: 16/16 MP: 4/4
   123 | D:1      | Reached skill level 6 in Ranged Weapons
   608 | D:1      | Reached XP level 3. HP: 20/20 MP: 5/5
   887 | D:1      | Found a faded altar of an unknown god.
   892 | D:1      | 892 ||| UPGRADING to +0 ring mail.
   902 | D:1      | 902 ||| DROPPING +0 leather armour.
   903 | D:1      | 903 ||| READING scroll labelled ZEF EBLEOZYLU.
   939 | D:1      | 939 ||| READING scroll labelled QEFASS KUCUOS.
   940 | D:1      | 940 ||| READING scroll labelled QEZOBI DIRUF.
   941 | D:1      | 941 ||| DROPPING scroll of butterflies.
  1246 | D:2      | Reached skill level 7 in Ranged Weapons
  1657 | D:2      | 1657 ||| READING scroll labelled BAYWOW GIRUEMI.
  1741 | D:3      | Reached XP level 4. HP: 9/25 MP: 6/6
  1902 | D:3      | Found a shadowy altar of Dithmenos.
  2190 | D:3      | Reached skill level 8 in Ranged Weapons
  2206 | D:3      | 2206 ||| FLEEEEING.
  2207 | D:3      | 2207 ||| FLEEEEING.
  2209 | D:3      | 2209 ||| FLEEEEING.
  2232 | D:3      | Noticed Robin
  2237 | D:3      | Killed Robin
  2357 | D:3      | Reached XP level 5. HP: 26/29 MP: 7/7
  2550 | D:3      | 2550 ||| UPGRADING to +0 helmet.
  2555 | D:3      | 2555 ||| UPGRADING to amulet of regeneration.
  2560 | D:3      | 2560 ||| UPGRADING to +6 ring of dexterity.
  2561 | D:3      | 2561 ||| READING scroll labelled KUFI UBBAO.
  2562 | D:3      | 2562 ||| READING scroll labelled WORUMU TAAMYEL.
  2563 | D:3      | 2563 ||| READING scroll labelled VALASCH HE SOH.
  2564 | D:3      | 2564 ||| READING scroll labelled LANOSS CYDDU WIMAE.
  2622 | D:4      | Reached skill level 3 in Dodging
  2699 | D:4      | HP: 7/29 [poisoned by a scorpion]
  2701 | D:4      | HP: 3/29 [poisoned by a scorpion]
  2701 | D:4      | HP: 1/29 [scorpion (2)]
  2702 | D:4      | Reached skill level 9 in Ranged Weapons
  2702 | D:4      | Succumbed to a scorpion's poison

Levels and vault maps discovered:
D:1:      roderic_crossed_star, layout_basic,
          shapermc_ecumenical_altar_hornbeckon
D:2:      layout_loops_ring, corexii_shack
D:3:      layout_loops_cross, nicolae_dithmenos_through_a_glass_darkly,
          kennysheep_generic_room_7, uniq_robin
D:4:      layout_loops_cross, gammafunk_temple_overflow_statue

Skill      XL: |  1  2  3  4  5 |
---------------+----------------+-----
Ranged Weapons | 6 7 8 9 |  9.3
Dodging        | 3 |  3.1
Fighting       | |  1.5
Stealth        | |  1.2

Action                     |  1- 3 |  4- 6 || total
---------------------------+-------+-------++-------
   Fire: Shortbow          |   143 |   128 ||   271
    Use: Scroll            |     4 |     4 ||     8
 Armour: Leather armour    |     8 |       ||     8
         Ring mail         |    14 |    19 ||    33
  Dodge: Dodged            |    38 |    36 ||    74

Table legend:
 A = Non-vault XP
 B = Vault XP
 C = Vault XP percentage of total XP
 D = Non-vault monster count
 E = Vault monster count
 F = Vault count percentage of total count
                 A         B        C        D         E       F
            +---------+---------+-------+---------+---------+-------
      Total |     332 |      39 |  10.5 |      67 |      14 |  17.3
            +---------+---------+-------+---------+---------+-------
        D:1 |      44 |       0 |   0.0 |      26 |       0 |   0.0
        D:2 |      26 |       2 |   7.1 |      14 |       1 |   6.7
        D:3 |      90 |      37 |  29.1 |      22 |      13 |  37.1
        D:4 |     172 |       0 |   0.0 |       5 |       0 |   0.0
            +---------+---------+-------+---------+---------+-------
